 Dungeon Crawl Stone Soup version 0.29-a0-22-gbf593b16ee (webtiles) character file.

Game seed: 5717142143064428141

40 horus123 the Poker (level 3, -1/30 HPs)
             Began as a Merfolk Gladiator on Jan 30, 2022.
             Slain by a goblin (2 damage)
             ... led by Robin
             ... on level 2 of the Dungeon.
             The game lasted 00:02:10 (1303 turns).

horus123 the Poker (Merfolk Gladiator)              Turns: 1303, Time: 00:02:10

Health: -1/30      AC:  6    Str: 14    XL:     3   Next: 50%
Magic:  3/3        EV: 12    Int:  7    God:
Gold:   12         SH:  0    Dex: 17    Spells: 2/2 levels left

rFire   . . .      SeeInvis .   h - +1 halberd
rCold   . . .      Faith    .   (shield currently unavailable)
rNeg    . . .      Spirit   .   e - +0 ring mail
rPois   .          Reflect  .   c - +0 helmet
rElec   .          Harm     .   (no cloak)
rCorr   .          Rampage  .   (no gloves)
Will    .....                   (no boots)
Stlth   +.........              (no amulet)
HPRegen 0.10/turn               (no ring)
MPRegen 0.08/turn               (no ring)

@: no status effects
A: (nimble swimmer 2), mertail
a: no special abilities


You were on level 2 of the Dungeon.
You visited 1 branch of the dungeon, and saw 2 of its levels.

You collected 12 gold pieces.

Inventory:

Hand Weapons
 a - a +0 trident
 h - a +1 halberd (weapon)
Missiles
 d - 3 throwing nets (quivered)
Armour
 b - a +0 leather armour
 c - a +0 helmet (worn)
 e - a +0 ring mail (worn)
Jewellery
 f - an amulet of reflection
 i - a +6 ring of intelligence
Scrolls
 g - a scroll of torment {unknown}


   Skills:
 + Level 3.7 Fighting
 - Level 5.1 Polearms
 - Level 2.0 Throwing
 - Level 4.0 Dodging


You had 2 spell levels left.
You didn't know any spells.
Your spell library contained the following spells:

 Spells                   Type           Power      Damage    Failure   Level
 Sandblast                Erth           0%         2d4       67%         1
 Passwall                 Tmut/Erth      0%         N/A       82%         2
 Stone Arrow              Conj/Erth      0%         3d7       96%         3


Dungeon Overview and Level Annotations

Branches:
Dungeon (2/15)

Altars:

Annotations:
D:2 Robin


Innate Abilities, Weirdness & Mutations

((You are very nimble when in or above water. (Stealth+, EV+, Speed+++)))
Your lower body shifts to a powerful aquatic tail in water.


Message History

The goblin barely misses you.
The goblin no longer looks unusually strong.
Robin roars a battlecry!
The goblin goes into a battle-frenzy!
You see here a +0 dagger.
You barely miss the goblin.
The goblin no longer looks unusually strong.
Robin throws the goblin at you! The goblin hits you but does no damage.
The goblin closely misses you.
Robin roars a battlecry!
The goblin goes into a battle-frenzy!
The goblin closely misses you.
You closely miss the goblin. The goblin hits you with a +0 club.
The goblin closely misses you.
You barely miss the goblin. The goblin hits you but does no damage.
The goblin barely misses you. x2
You barely miss the goblin. The goblin hits you with a +0 club.
The goblin misses you.
You barely miss the goblin. The goblin misses you.
Robin says, "Duck!"
The goblin misses you.
You hit the goblin.
You kill the goblin!
Robin throws the goblin at you! The goblin hits you with a +0 club. x2
* * * LOW HITPOINT WARNING * * *
You closely miss the goblin. The goblin barely misses you.
The goblin hits you but does no damage.
You closely miss the goblin. The goblin hits you but does no damage.
The goblin hits you with a +0 club.
* * * LOW HITPOINT WARNING * * *
The goblin closely misses you. x2
You closely miss the goblin. The goblin barely misses you.
The goblin hits you with a +0 club.
* * * LOW HITPOINT WARNING * * *
You aren't carrying any potions.
You hit the goblin.
The goblin is moderately wounded.
The goblin no longer looks unusually strong. x2
The goblin hits you but does no damage. The goblin hits you with a +0 club.
You die...

.........########.##
##.##### ##
......##..........#
#.# ##.
......###########<##
##.## #.. >.....#
##.###...## ###.#
...####
##.......###...#
####
#......#.....### #
##.......###...#
###########.....##
##..#
......g@ggg....##
#.. .###########..##
## #..# #..# #g.#
.g.g #.#g# #.#g#


You could see Robin and 3 goblins.

Vanquished Creatures
  2 ball pythons (D:1)
  A bat (D:2)
  5 endoplasms
  2 giant cockroaches
  8 goblins (D:2)
  6 hobgoblins
  2 quokkas
  A frilled lizard (D:1)
  A kobold (D:1)
  4 rats
32 creatures vanquished.

Notes
Turn   | Place    | Note
-------+----------+-------------------------------------------
     0 | D:1      | horus123 the Merfolk Gladiator began the quest for the Orb.
     0 | D:1      | Reached XP level 1. HP: 16/16 MP: 1/1
   168 | D:1      | Reached skill level 5 in Polearms
   225 | D:1      | Reached XP level 2. HP: 22/22 MP: 2/2
   998 | D:2      | Reached XP level 3. HP: 22/29 MP: 3/3
  1120 | D:2      | Found a faded altar of an unknown god.
  1265 | D:2      | Noticed Robin
  1302 | D:2      | HP: 1/30 [goblin[Robin] (2)]
  1303 | D:2      | Slain by a goblin

Illustrated notes

Levels and vault maps discovered:
D:1:      eino_arrival_water_cross, layout_loops_cross
D:2:      layout_loops_ring, shapermc_ecumenical_altar_hornbeckon, uniq_robin,
          uniq_natasha

Skill      XL: |  1  2 |
---------------+-------+-----
Polearms       | 5 |  5.1
Fighting       | 3 |  3.7
Throwing       | |  2.0
Dodging        | |  4.0

Action                   || total
-------------------------++-------
Melee: Trident           ||    52
       Halberd           ||    68
  Use: Scroll            ||     2
 Stab: Sleeping          ||     2
Armor: Leather armour    ||    14
       Ring mail         ||    27
Dodge: Dodged            ||    72

Table legend: (Time is in decaauts)
 A = Elapsed time spent in this place.
 B = Non-inter-level travel time spent in this place.
 C = Inter-level travel time spent in this place.
 D = Time resting spent in this place.
 E = Time spent auto-exploring this place.
 F = Levels seen in this place.
 G = Mean time per level.
                   A        B        C        D        E       F      G
               +--------+--------+--------+--------+--------+-----+--------+
         Total |   1313 |   1272 |     41 |    133 |    874 |   2 |  656.5 |
       Dungeon |   1313 |   1272 |     41 |    133 |    874 |   2 |  656.5 |
               +--------+--------+--------+--------+--------+-----+--------+

Top non-repeatable levels by time:
     D:1: 677 daAuts
     D:2: 635 daAuts
